 Dungeon Crawl Stone Soup version 0.30.1-11-g7821555f0a (webtiles) character file.

Game seed: 15094359213708400353

2993 lonewolfV2 the Protected (level 10, 0/79 HPs)
             Began as a Formicid Fighter on Nov 15, 2023.
             Was an Initiate of Qazlal.
             Killed by divine providence
             ... invoked by an orc priest
              (11 damage)
             ... on level 8 of the Dungeon on Nov 16, 2023.
             The game lasted 00:08:43 (7877 turns).

lonewolfV2 the Protected (Formicid Fighter)         Turns: 7877, Time: 00:08:43

Health: 0/79       AC: 14    Str: 23    XL:     10   Next: 9%
Magic:  10/10      EV:  8    Int:  8    God:    Qazlal [......]
Gold:   463        SH:  5    Dex: 15    Spells: 9/9 levels left

rFire   . . .        a - +1 war axe
rCold   . . .        c - +0 buckler
rNeg    . . .        p - +0 chain mail
rPois   .            (helmet unavailable)
rElec   .            (no cloak)
rCorr   .            e - +1 pair of gloves
SInv    +            (no boots)
Will    +....        (no amulet) Stlth
                     (no ring)
HPRegen 0.33/turn    (no ring)
MPRegen 0.12/turn

%: no passive effects
@: no status effects
A: permanent stasis, dig shafts and tunnels, antennae 3, four strong arms
a: Dig, Shaft Self, Renounce Religion


You were on level 8 of the Dungeon.
You worshipped Qazlal.
Qazlal was noncommittal.
You visited 2 branches of the dungeon, and saw 9 of its levels.

You collected 463 gold pieces.

Inventory:

Hand Weapons
 a - a +1 war axe (weapon)
Missiles
 b - 2 throwing nets
Armour
 c - a +0 buckler (worn)
 e - a +1 pair of gloves (worn)
 p - a +0 chain mail (worn)
 v - a +0 cloak
Wands
 o - a wand of digging (4)
 x - a wand of roots (9)
Scrolls
 g - 4 scrolls of amnesia
 h - 3 scrolls of fog
 u - a scroll of enchant armour
 w - a scroll of summoning
Potions
 d - 2 potions of might
 f - 8 potions of flight
 i - 2 potions of attraction
 j - 2 potions of heal wounds
 k - a potion of degeneration
 l - 3 potions of haste
 m - 3 potions of curing
 n - a potion of magic
 r - a potion of invisibility
 s - a potion of lignification
 t - 2 potions of mutation
 z - a potion of cancellation


   Skills:
 - Level 7.0 Fighting
 - Level 7.2 Axes
 - Level 10.7 Armour
 * Level 5.8 Shields


You had 9 spell levels left.
You didn't know any spells.
Your spell library contained the following spells:

 Spells                   Type           Power      Damage    Failure   Level
 Animate Dead             Necr           0%         N/A       100%        4
 Haunt                    Necr/Summ      0%         N/A       100%        7
 Infestation              Necr           0%         N/A       100%        8


Dungeon Overview and Level Annotations

Branches:
Dungeon (8/15)             Temple (1/1) D:7
   Lair: D:8-11

Altars:
Cheibriados
Dithmenos
Elyvilon
Fedhas
Gozag
Hepliaklqana
Kikubaaqudgha
Makhleb
Okawaru
Qazlal
Ru
Sif Muna
Vehumet
Wu Jian
Xom
Yredelemnul
Zin
The Shining One


Innate Abilities, Weirdness & Mutations

You cannot be hasted, slowed, berserked, paralysed or teleported.
You can dig through walls and to a lower floor.
You have a pair of large antennae on your head. (SInv)
Your four strong arms can wield two-handed weapons with a shield.


Message History

Beogh smites you!
You hit the orc but do no damage.
The orc is severely wounded.
The orc hits you but does no damage.
The orc priest calls upon Beogh to heal the orc.
The orc is healed somewhat.
You hit the orc.
The orc is heavily wounded.
The orc hits you but does no damage.
The orc priest mumbles some strange prayers to Beogh against you.
Beogh smites you! The orc hits you with a +0 flail.
You slash the orc!
You kill the orc!
Qazlal accepts your kill.
The orc priest invokes the aid of Beogh against you.
Beogh smites you!
* * * LOW HITPOINT WARNING * * *
You hit the orc priest.
The orc priest is moderately wounded.
The orc priest hits you but does no damage.
You hit the orc priest.
The orc priest is severely wounded.
The orc priest hits you but does no damage.
The orc priest calls upon Beogh to heal the orc priest.
The orc priest is healed somewhat.
You slash the orc priest!
You kill the orc priest!
Qazlal accepts your kill.
The orc priest looks braver for a moment.
The orc priest mumbles some strange prayers to Beogh against you.
Beogh smites you!
* * * LOW HITPOINT WARNING * * *
Items here: ))) [[ †.
You hit the orc priest but do no damage.
The orc priest begins to cast a cantrip, but forgets the words!
You slash the orc priest!
The orc priest is almost dead.
The orc priest mumbles some strange prayers to Beogh against you.
Beogh smites you!
You die...

############## ###
#.o@)..).....# #.#
#.##########.###.#
#o...............#
#....#######.###.#
..o..#######.# #.#
....o........###.#
##............<##.##
#.................#
#...#....##########


You could see an orc priest.

Vanquished Creatures
  Pikel (D:4)
  2 water moccasins
  An ice beast (D:7)
  2 orc warriors
  2 sky beasts (D:6)
  3 black bears
  An ogre (D:4)
  2 lemures (D:4)
  A kobold brigand (D:7)
  2 bullfrogs
  A scorpion (D:5)
  A gnoll sergeant (D:6)
  5 wights (D:7)
  2 howler monkeys
  6 hounds
  6 orc priests
  2 jellies
  Natasha (D:2)
  2 iguanas
  4 orc wizards
  5 gnolls (D:6)
  6 adders
  2 shadow imps
  3 worms
  2 dart slugs
  37 orcs
  7 ball pythons
  5 bats
  5 endoplasms
  5 giant cockroaches
  9 hobgoblins
  3 jackals (D:3)
  3 quokkas
  3 frilled lizards
  12 goblins
  10 kobolds
  4 rats
168 creatures vanquished.

Notes
Turn   | Place    | Note
-------+----------+-------------------------------------------
     0 | D:1      | lonewolfV2 the Formicid Fighter began the quest for the
                  | Orb.
     0 | D:1      | Reached XP level 1. HP: 18/18 MP: 1/1
    89 | D:1      | Reached XP level 2. HP: 25/25 MP: 2/2
   278 | D:1      | Reached XP level 3. HP: 22/31 MP: 3/3
   792 | D:2      | Found a shimmering blue altar of Sif Muna.
   901 | D:2      | Reached skill level 5 in Fighting
   919 | D:2      | Reached XP level 4. HP: 39/39 MP: 4/4
  1007 | D:2      | Noticed Natasha
  1016 | D:2      | Killed Natasha
  1378 | D:3      | Reached XP level 5. HP: 46/46 MP: 5/5
  1490 | D:3      | Found an opulent altar of Gozag.
  1895 | D:3      | Found a shadowy altar of Dithmenos.
  2231 | D:3      | Reached XP level 6. HP: 13/55 MP: 6/6
  2560 | D:4      | Noticed an ogre
  2567 | D:4      | Killed an ogre
  2656 | D:4      | Identified the +1 robe of Baldness {Will+ Str+2 Int+2
                  | Dex+4}
  2686 | D:4      | Identified the +1 leather armour of Light {Str+3 Int+5
                  | Dex+4}
  2814 | D:4      | Noticed a black bear
  2824 | D:4      | Killed a black bear
  2825 | D:4      | Reached XP level 7. HP: 47/60 MP: 7/7
  3126 | D:4      | Noticed Pikel
  3146 | D:4      | Killed Pikel
  3147 | D:4      | Reached XP level 8. HP: 32/67 MP: 8/8
  3669 | D:5      | Entered Level 5 of the Dungeon
  3868 | D:5      | Reached skill level 4 in Armour
  3947 | D:5      | Reached skill level 5 in Armour
  4186 | D:5      | Reached skill level 6 in Armour
  4531 | D:5      | Found a sacrificial altar of Ru.
  4536 | D:5      | Found a glowing silver altar of Zin.
  4607 | D:5      | Found an ornate altar of the Wu Jian Council.
  4747 | D:6      | Reached XP level 9. HP: 59/72 MP: 9/9
  4764 | D:6      | Reached skill level 7 in Armour
  5017 | D:6      | Reached skill level 8 in Armour
  6013 | D:7      | Reached skill level 9 in Armour
  6801 | D:7      | Reached skill level 10 in Armour
  7001 | D:7      | Found a staircase to the Ecumenical Temple.
  7412 | Temple   | Entered the Ecumenical Temple
  7480 | Temple   | Became a worshipper of Qazlal Stormbringer
  7522 | D:7      | Reached XP level 10. HP: 56/79 MP: 10/10
  7770 | D:8      | Reached skill level 5 in Shields
  7877 | D:8      | Killed from afar by an orc priest

Illustrated notes

Levels and vault maps discovered:
D:1:      dpeg_arrival_three_same_balls, layout_rooms,
          chequers_serial_rivers_micro_d, serial_bayou_lagoon_a
D:2:      layout_loops_cross, basic_altar, uniq_natasha
D:3:      layout_loops_corners, amcnicky_altar_gilded,
          grunt_dithmenos_smoke_and_mirrors
D:4:      layout_loops_ring, uniq_pikel
D:5:      layout_basic, nicolae_overflow_hidden_temple
D:6:      layout_rooms, st_stairs_8, kennysheep_big_empty_room,
          minmay_misc_feat_alley, dreamdust_wishing_well, minmay_misc_feat_iff,
          kennysheep_windowed_goal
D:7:      layout_loops_corners, temple_doors_e, kennysheep_generic_room_10
D:8:      layout_basic
Temple:   nicolae_temple_superstar

Skill      XL: |  1  2  3  4  5  6  7  8  9 10 |
---------------+-------------------------------+-----
Fighting       | 4 5 7 |  7.0
Axes           | 4 7 |  7.2
Armour         | 6 10 | 10.7
Shields        | 5 |  5.8

Action                     |  1- 3 |  4- 6 |  7- 9 | 10-12 || total
---------------------------+-------+-------+-------+-------++-------
  Melee: War axe           |   106 |   114 |   316 |    35 ||   571
    Use: Scroll            |     3 |    10 |     7 |     2 ||    22
         Potion            |       |     1 |     1 |       ||     2
 Armour: Scale mail        |    66 |    67 |    44 |       ||   177
         Chain mail        |       |       |   121 |    15 ||   136
  Dodge: Dodged            |    47 |    63 |   102 |     9 ||   221
  Block: Buckler           |    19 |    37 |    77 |     4 ||   137
